 Dungeon Crawl Stone Soup version 0.31.0-11-ge490571c62 (webtiles) character file.

Game seed: 18222490798306733129

1866000 Ofeo the Gnoll Blade (level 27, 205/222 HPs)
             Began as a Gnoll Warper on Jan 27, 2024.
             Was an Initiate of Gozag.
             Escaped with the Orb
             ... and 4 runes on Jan 28, 2024!
             The game lasted 04:29:12 (100471 turns).

Ofeo the Gnoll Blade (Gnoll Warper)               Turns: 100471, Time: 04:29:13

Health: 205/222    AC: 31    Str: 17    XL:     27
Magic:  46/46      EV: 25    Int: 26    God:    Gozag
Gold:   2671       SH:  0    Dex: 27    Spells: 8/65 levels left

rFire   + + .        a - +8 autumn katana {manifold assault}
rCold   + + .        B - orb "Udwaqeu" {*channel, *Slow Str+6 Dex+4 Stlth-}
rNeg    . . .        N - +3 fire dragon scales
rPois   +            j - +2 hat
rElec   .            T - +2 cloak {Will+}
rCorr   .            g - +1 pair of gloves {hurl}
SInv    +            i - +3 pair of seven-league boots {Rampage+∞}
Will    +++++        F - amulet of Niewulif {RegenMP rPois Int+6 Stlth-}
Stlth   ++           L - ring of Day {*Corrode rPois rC+ Dex+7}
HPRegen 0.57/turn    K - ring of Oqithru {^Contam rC++ Will++ AC+4}
MPRegen 0.70/turn

%: corrode self (3%), slow self (1%), rampage+∞, channel magic (20%)
@: studying 2 skills
A: fangs 1, strong nose, distributed training, horns 1, see invisible, clumsy 1,
deformed body, deterioration 1, wild magic 1
0: Orb of Zot
}: 4/15 runes: decaying, serpentine, slimy, silver
a: Renounce Religion, Potion Petition, Call Merchant, Bribe Branch


You escaped.
You worshipped Gozag.
Gozag was most pleased with you.
You visited 11 branches of the dungeon, and saw 53 of its levels.
You visited 1 bazaar.
You also visited: Wizlab.

You collected 29139 gold pieces.
You spent 11956 gold pieces at shops.
You paid 14512 gold pieces to Gozag.

Inventory:

Hand Weapons
 a - the +8 autumn katana (weapon) {manifold assault}
   (You bought it in a shop on level 2 of the Orcish Mines)
 b - a +9 trishula of holy wrath
Missiles
 d - 2 silver javelins
 k - 12 curare-tipped darts
 J - 4 throwing nets
 V - 21 javelins
Armour
 f - the +5 moon troll leather armour {Spirit, Regen++ MP+5}
   (You took it off a moon troll in a wizard's laboratory)

   MP+5:      It affects your magic capacity (+5).
   Regen++:   It increases your rate of health regeneration.
 g - a +1 pair of gloves of hurling (worn)
 i - the +3 pair of seven-league boots (worn) {Rampage+∞}
   (You bought it in a shop on level 2 of the Depths)

   Rampage+∞: When moving toward enemies, its wearer moves as far as possible,
   alerting their target en route.
 j - a +2 hat (worn)
 B - the orb "Udwaqeu" (worn) {*channel, *Slow Str+6 Dex+4 Stlth-}
   (You found it on level 3 of the Elven Halls)

   Str+6:     It affects your strength (+6).
   Dex+4:     It affects your dexterity (+4).
   *Slow:     It may slow you when you take damage.
   Stlth-:    It makes you less stealthy.
 N - +3 fire dragon scales (worn)
 O - a scarf of resistance
 T - a +2 cloak of willpower (worn)
Jewellery
 t - the amulet "Dusetu" {Acrobat rF- rC++ Slay+4 Stlth+}
   (You found it on level 2 of the Orcish Mines)

   [amulet of the acrobat]

   Acrobat:   It increases your evasion while moving and waiting.
   Slay+4:    It affects your accuracy & damage with ranged weapons and melee
   (+4).
   rF-:       It makes you vulnerable to fire.
   rC++:      It greatly protects you from cold.
   Stlth+:    It makes you more stealthy.
 F - the amulet of Niewulif (around neck) {RegenMP rPois Int+6 Stlth-}
   (You bought it in a shop on level 12 of the Dungeon)

   [amulet of magic regeneration]

   RegenMP:   It increases your rate of magic regeneration.
   Int+6:     It affects your intelligence (+6).
   rPois:     It protects you from poison Stlth-: It makes you less stealthy.
 G - the amulet "Domauh" {Faith ^Fragile Fly Int+8 Stlth-}
   (You found it in a wizard's laboratory)

   [amulet of faith]

   Faith:     It allows you to gain divine favour quickly.
   Int+8:     It affects your intelligence (+8).
   Fly:       It grants you flight.
   ^Fragile:  It will be destroyed if unequipped.
   Stlth-:    It makes you less stealthy.
 K - the ring of Oqithru (right hand) {^Contam rC++ Will++ AC+4}
   (You took it off an ironbound convoker on level 5 of the Vaults)

   [ring of protection]

   AC+4:      It affects your AC (+4).
   rC++:      It greatly protects you from cold.
   Will++:    It greatly increases your willpower.
   ^Contam:   It causes magical contamination when unequipped.
 L - the ring of Day (left hand) {*Corrode rPois rC+ Dex+7}
   (You acquired it on level 5 of the Pits of Slime)

   [ring of protection from cold]

   Dex+7:     It affects your dexterity (+7).
   rC+:       It protects you from cold.
   rPois:     It protects you from poison *Corrode: It may corrode you when you
   take damage.
 Y - the ring "Pas Ynel" {rElec rF+ rCorr}
   (You found it on level 5 of the Vaults)

   [ring of protection from fire]

   rF+:       It protects you from fire.
   rElec:     It insulates you from electricity.
   rCorr:     It protects you from acid and corrosion.
Wands
 l - a wand of digging (9) {@v1}
 n - a wand of mindburst (41)
 w - a wand of roots (37)
 C - a wand of paralysis (43)
 P - a wand of acid (25) {@v2}
Scrolls
 u - 2 scrolls of silence
 x - 28 scrolls of teleportation {@r3}
 y - 3 scrolls of summoning
 H - 7 scrolls of amnesia
 Q - 11 scrolls of fear
 S - 2 scrolls of revelation
 U - 12 scrolls of fog
 W - 9 scrolls of blinking {@r4}
Potions
 e - 10 potions of enlightenment
 h - 6 potions of heal wounds {@q2}
 m - 4 potions of might {@q4}
 o - 5 potions of mutation
 p - 9 potions of attraction
 q - 14 potions of curing {@q1}
 r - 2 potions of resistance {@q6}
 s - 5 potions of haste {@q3}
 v - 2 potions of brilliance
 A - 6 potions of ambrosia
 I - 6 potions of invisibility
 R - 2 potions of berserk rage
 X - 3 potions of magic
Miscellaneous
 c - a lightning rod (4/4)
 z - a phial of floods
 D - a phantom mirror
 M - a condenser vane
 Z - a box of beasts


   Skills:
 + Level 19.4 Fighting
 + Level 19.0 Short Blades
 + Level 23.8 Long Blades
 + Level 19.0 Axes
 + Level 19.0 Maces & Flails
 + Level 19.4 Polearms
 + Level 19.0 Staves
 + Level 19.0 Ranged Weapons
 + Level 19.1 Throwing
 + Level 19.1 Armour
 + Level 19.4 Dodging
 + Level 19.0 Stealth
 + Level 19.0 Shields
 + Level 19.0 Unarmed Combat
 + Level 19.5 Spellcasting
 + Level 16.2 Conjurations
 + Level 16.2 Hexes
 + Level 16.2 Summonings
 + Level 16.2 Necromancy
 + Level 21.1 Translocations
 + Level 16.2 Fire Magic
 + Level 16.2 Ice Magic
 + Level 16.2 Air Magic
 + Level 16.2 Earth Magic
 + Level 16.2 Alchemy
 + Level 20.5 Invocations
 + Level 19.0 Evocations
 + Level 17.5 Shapeshifting


You had 8 spell levels left.
You knew the following spells:

 Your Spells              Type           Power      Damage    Failure   Level
a - Blink                 Tloc           100%       N/A       1%          2
b - Borgnjor's Vile Clut  Necr/Erth      48%        N/A       3%          5
c - Manifold Assault      Tloc           100%       N/A       1%          4
d - Apportation           Tloc           100%       N/A       1%          1
e - Vhi's Electric Charg  Tloc/Air       100%       N/A       1%          4
f - Ozocubu's Armour      Ice            97%        N/A       1%          3
g - Brom's Barrelling Bo  Conj/Erth      97%        2d11      2%          4
h - Freezing Cloud        Conj/Ice/Air   48%        6-21      3%          5
i - Summon Mana Viper     Hex/Summ       97%        N/A       3%          5
j - Summon Forest         Summ/Tloc      51%        N/A       2%          5
k - Summon Cactus Giant   Summ           48%        N/A       8%          6
l - Death Channel         Necr           48%        N/A       8%          6
m - Malign Gateway        Summ/Tloc      51%        N/A       11%         7

Your spell library contained the following spells:

 Spells                   Type           Power      Damage    Failure   Level
 Freeze                   Ice            100%       1d10      1%          1
 Kiss of Death            Conj/Necr      100%       2d13      1%          1
 Necrotise                Necr           100%       1d9       1%          1
 Sandblast                Erth           100%       2d20      1%          1
 Slow                     Hex            100%       N/A       1%          1
 Sting                    Conj/Alch      100%       1d9       1%          1
 Summon Small Mammal      Summ           100%       N/A       1%          1
 Cigotuvi's Dreadful Rot  Necr/Alch/Air  100%       N/A       1%          2
 Ensorcelled Hibernation  Hex/Ice        100%       N/A       1%          2
 Lesser Beckoning         Tloc           100%       N/A       1%          2
 Mercury Vapours          Alch/Air       100%       N/A       1%          2
 Call Canine Familiar     Summ           97%        N/A       1%          3
 Confusing Touch          Hex            97%        N/A       1%          3
 Frozen Ramparts          Ice            100%       1d16      1%          3
 Fugue of the Fallen      Necr           97%        N/A       1%          3
 Gell's Gravitas          Tloc           100%       N/A       1%          3
 Hailstorm                Conj/Ice       97%        3d15      1%          3
 Mephitic Cloud           Conj/Alch/Air  97%        N/A       1%          3
 Passwall                 Erth           97%        N/A       1%          3
 Sigil of Binding         Hex            97%        N/A       1%          3
 Stone Arrow              Conj/Erth      100%       3d13      1%          3
 Summon Ice Beast         Ice/Summ       97%        N/A       1%          3
 Teleport Other           Tloc           100%       N/A       1%          3
 Tukima's Dance           Hex            97%        N/A       1%          3
 Vampiric Draining        Necr           97%        2d12      1%          3
 Passage of Golubria      Tloc           100%       N/A       1%          4
 Anguish                  Hex/Necr       48%        N/A       2%          4
 Animate Armour           Summ/Erth      100%       N/A       2%          4
 Dispel Undead            Necr           97%        3d30      2%          4
 Ignite Poison            Fire/Alch      97%        N/A       2%          4
 Petrify                  Alch/Erth      97%        N/A       2%          4
 Summon Blazeheart Golem  Fire/Summ      97%        N/A       2%          4
 Lee's Rapid Deconstruct  Erth           48%        3d23*     3%          5
 Metabolic Englaciation   Hex/Ice        48%        N/A       3%          5
 Silence                  Hex/Air        48%        N/A       3%          5
 Yara's Violent Unravell  Hex/Alch       48%        3d19      3%          5
 Dispersal                Tloc           54%        N/A       3%          6
 Sculpt Simulacrum        Ice/Alch       48%        N/A       8%          6
 Haunt                    Necr/Summ      48%        N/A       21%         7
 Monstrous Menagerie      Summ           48%        N/A       21%         7
 Orb of Destruction       Conj           48%        9d13      21%         7
 Spellforged Servitor     Conj/Summ      48%        N/A       21%         7
 Borgnjor's Revivificati  Necr           48%        N/A       65%         8
 Lehudib's Crystal Spear  Conj/Erth      48%        10d12     65%         8
 Summon Horrible Things   Summ           48%        N/A       65%         8
 Death's Door             Necr           48%        N/A       100%        9
 Shatter                  Erth           48%        3d37*     100%        9
 Animate Dead             Necr           Unusable   N/A       N/A         4

Dungeon Overview and Level Annotations

Branches:
Dungeon (15/15)            Temple (1/1) D:6            Lair (5/5) D:11
  Swamp (4/4) Lair:2        Snake (4/4) Lair:2        Slime (5/5) Lair:5
    Orc (2/2) D:10            Elf (3/3) Orc:2        Vaults (5/5) D:13
  Crypt (0/3) Vaults:3     Depths (4/4) D:15            Zot (5/5) Depths:4
 WizLab (visited)

Altars:
Ashenzari
Cheibriados
Dithmenos
Elyvilon
Fedhas
Gozag
Hepliaklqana
Kikubaaqudgha
Makhleb
Nemelex Xobeh
Okawaru
Qazlal
Ru
Sif Muna
Trog
Uskayaw
Vehumet
Wu Jian
Xom
Yredelemnul
Zin
The Shining One
Jiyva

Shops:
D:8 *   D:10 (   D:11 *   D:12 =   Orc:1 !*(=   Orc:2 !=!(   Lair:5 (
Snake:1 =[*   Snake:2 :   Vaults:1 :(   Vaults:2 !   Vaults:4 =[   Vaults:5 :[
Zot:2 ?   Depths:2 !?[

Portals:
Hell: Depths:1 Depths:2 Depths:3 Depths:4
Abyss: Depths:1 Depths:3
Pandemonium: Depths:2 Depths:3 Depths:4
Ziggurat: Depths:4
Trove: Depths:4 (give +4 ice dragon scales)

Annotations:
D:12 2 transporters, Yklotitu's ghost, journeyman CeHu
Snake:3 Roxanne
Snake:4 4 transporters, exclusion: upstairs
Elf:1 1 runed translucent door, Eskosele's ghost, adept TeRe
Zot:2 1 runed translucent door, Rais Zisar's ghost, master VSBe


Innate Abilities, Weirdness & Mutations

You have very sharp teeth.
Your uncanny sense of smell can sniff out nearby items.
Your experience applies equally to all skills.
You have a pair of small horns on your head.
You have supernaturally acute eyesight. (SInv)
You are clumsy. (Dex -2)
Armour fits poorly on your strangely shaped body.
Your body sometimes deteriorates upon taking damage.
Your spells are a little harder to cast, but a little more powerful.


Message History

You slice the angel!!
You headbutt the angel, but do no damage.
You bite the angel, but do no damage.
The angel is severely wounded.
The angel barely misses you. The angel hits you but does no damage.
You closely miss the angel. Your headbutt misses the angel.
The angel is severely wounded.
The angel misses you. The angel barely misses you.
You slice the angel!! You headbutt the angel.
The angel is almost dead.
The angel barely misses you. The angel closely misses you.
You closely miss the angel.
The angel is almost dead.
The angel gestures.
The angel is healed somewhat.
The angel gestures.
The angel is healed somewhat.
You miss the angel.
The angel is severely wounded.
The angel hits you but does no damage. x2
You slice the angel!! Your headbutt misses the angel.
The angel is almost dead.
The angel completely misses you. The angel barely misses you.
You slash the angel! Your bite misses the angel.
The angel is almost dead.
The angel hits you but does no damage.
The angel hits you with a +1 whip of holy wrath!
You take 7 damage, and have 196/222 hp.
You hit the angel but do no damage.
The angel is almost dead.
The angel barely misses you. The angel misses you.
You slash the angel!
You kill the angel!
You now have 2671 gold pieces (gained 5).
There is an open door here.
Things that are here:
a +1 whip of holy wrath; a +0 robe
There is a staircase leading out of the dungeon here.
You regained 6 hp, and now have 204/222 hp.
You have escaped!

## #..♣♣P>P♣♣..# #####.
.#### ##..♣♣.♣♣..## #.
....# ♣.........♣ #. ###.#
♣.♣.~≈~.♣.♣ #. ###.####
♣..~≈8≈≈..♣ #. .......#
♣.♣.~~~.♣.♣ ## .......##
♣.........♣ ........#
##..♣♣.♣♣..## ........#
#..♣♣P@P♣♣..# #
........####..#####..######
#
####......'...~≈≈≈~...+...#
###
####...##.###############(#
#.. ...######.........#
#.#####.# ...# #########.##
#....#..# ...##########
#..# #....'.##
...##.......# ##.###
##....### ...#..#####.#
#...###....##


There were no monsters in sight!

Vanquished Creatures
  the Royal Jelly (Slime:5)
  A dread lich (Zot:5)
  Mennas (Depths:3)
  3 ancient liches
  5 orbs of fire
  Boris (twice) (Depths:1 Depths:2)
  3 Killer Klowns
  3 curse toes
  4 golden dragons
  Nikola (Swamp:2)
  A bone dragon (Depths:4)
  5 electric golems
  A lich (Vaults:5)
  14 tentacled monstrosities
  5 quicksilver dragons
  2 deep elf blademasters (Elf:3)
  A moon troll (WizLab)
  16 acid blobs
  A walking frostbound tome (Depths:3)
  25 Orb Guardians
  5 titans
  2 sphinxes
  2 deep elf master archers (Elf:3)
  7 tentacled starspawn (WizLab)
  Gastronok (D:9)
  6 death cobs
  A thorn hunter (Swamp:3)
  10 shadow dragons
  7 tengu reavers
  12 storm dragons
  4 nagarajas
  7 draconian monks
  6 fire giants
  4 draconian knights
  3 protean progenitors
  8 azure jellies
  8 rockslimes
  5 frost giants
  8 draconian shifters
  2 ghost moths
  6 deep elf sorcerers
  8 vault wardens
  A balrug (Depths:3)
  4 deep elf elementalists
  An angel (D:1)
  2 ghouls
  7 draconian annihilators
  5 draconian scorchers
  A cacodemon (WizLab)
  2 reapers (Depths:2)
  4 draconian stormcallers
  3 orc warlords
  11 ironbound preservers
  10 quicksilver oozes
  32 very ugly things
  3 eleionomae
  12 green draconians
  16 stone giants
  5 formless jellyfish
  2 vampire knights
  6 deep elf death magi
  9 deep elf demonologists
  3 yellow draconians
  3 bunyips
  6 deep elf annihilators
  10 white draconians
  8 black draconians
  14 purple draconians
  4 war gargoyles
  7 spark wasps
  6 dire elephants
  18 red draconians
  2 eidola
  Snorg (D:13)
  A green death (Depths:3)
  5 crystal guardians
  9 ettins
  10 fire dragons
  A merfolk impaler (Depths:2)
  A blizzard demon (Depths:2)
  2 entropy weavers
  10 great orbs of eyes
  14 yaktaur captains
  A spriggan zombie (Depths:2)
  A shambling mangrove (Swamp:4)
  3 peacekeepers
  2 rakshasas
  6 deep elf high priests
  Harold (D:9)
  2 salamander tyrants
  11 ice dragons
  A hell beast (Depths:3)
  26 vault guards
  21 hydras
  3 catoblepae
  An ogre mage (Vaults:5)
  Erica (D:9)
  4 alligators
  A ghost crab (Swamp:2)
  A jorogumo (shapeshifter) (Vaults:5)
  A death knight (D:14)
  5 ironbound frosthearts
  3 boulder beetles
  2 spriggan air magi (Depths:3)
  A two-headed ogre (shapeshifter) (Vaults:5)
  12 centaur warriors
  A spriggan skeleton (Depths:2)
  26 dancing weapons
  9 anacondas
  3 two-headed ogres
  9 naga warriors
  2 deep troll earth magi (Depths:1)
  2 tengu warriors
  5 death yaks (Lair:5)
  A deep troll shaman (Depths:4)
  3 spriggan berserkers (Depths:3)
  Urug (Lair:4)
  17 naga sharpshooters
  7 shock serpents
  A skyshark (Lair:4)
  2 hell knights (Depths:4)
  A soul eater (D:8)
  24 deep elf knights
  4 goliath frogs
  2 sixfirhies
  5 iron trolls
  7 glowing orange brains
  An orange crystal statue (WizLab)
  5 skeletal warriors
  A sea snake (shapeshifter) (Vaults:5)
  A flayed ghost (Vaults:5)
  4 salamander mystics
  2 sea snakes (Snake:1)
  A quicksilver dragon simulacrum (Depths:3)
  4 arcanists
  10 orc knights
  12 naga ritualists
  5 swamp dragons
  11 ironbound convokers
  An obsidian statue (Zot:5)
  34 deep trolls
  4 bog bodies (Swamp:4)
  16 deep elf archers
  4 shining eyes
  7 lindwurms
  37 deep elf pyromancers
  13 mana vipers
  A shadow dragon skeleton (Depths:2)
  6 phantasmal warriors
  3 necromancers
  5 orc sorcerers
  28 deep elf zephyrmancers
  A wolf spider (D:15)
  19 ugly things
  A cyclops (shapeshifter) (Vaults:5)
  2 will-o-the-wisps (Swamp:3)
  2 manticores
  7 cyclopes
  28 moths of wrath
  14 salamanders
  44 black mambas
  A rust devil (Zot:3)
  3 eyes of devastation
  5 nameless horrors
  3 meliai (D:13)
  14 vault sentinels
  13 naga magi
  A smoke demon (D:10)
  Joseph (D:9)
  A torpor snail (Lair:4)
  2 guardian serpents (Snake:4)
  7 cane toads
  5 kobold blastminers
  2 gargoyles
  A kobold demonologist (D:14)
  44 yaktaurs
  A freezing wraith (D:14)
  3 tengu conjurers
  8 komodo dragons
  An efreet (Zot:1)
  Psyche (D:11)
  A golden dragon simulacrum (Depths:2)
  2 bloated husks (Swamp:3)
  3 merfolk
  8 trolls
  7 polar bears
  6 tyrant leeches
  A hellwing (D:10)
  10 hornets
  2 dream sheep (Lair:5)
  A frost giant simulacrum (Depths:2)
  2 glass eyes
  8 blink frogs
  62 slime creatures
  3 centaur simulacra
  A culicivora (Vaults:4)
  7 water elementals
  3 wyverns
  19 spriggans
  3 wraiths
  2 ynoxinuls
  4 starcursed masses (WizLab)
  2 air elementals
  19 fire elementals
  44 yaks
  Eustachio (D:4)
  4 basilisks
  3 redbacks (Vaults:3)
  6 golden eyes (Slime:5)
  A chaos spawn (D:10)
  2 neqoxecs (WizLab)
  A steam dragon (D:9)
  19 vampire mosquitoes
  8 wargs
  A swamp worm (shapeshifter) (Vaults:5)
  42 nagas
  8 swamp worms
  2 acid dragons
  12 water moccasins
  4 hell hounds (D:15)
  47 orc warriors
  2 ice beasts
  A sky beast (D:7)
  4 black bears
  4 swamp drakes (Swamp:4)
  3 laughing skulls
  13 ogres
  9 boggarts
  29 wolves
  5 kobold brigands
  20 centaurs
  A phantom (D:5)
  12 bullfrogs
  3 earth elementals
  5 gnoll sergeants
  4 scorpions
  3 killer bees (D:11)
  10 howler monkeys
  7 electric eels
  3 quasits (D:10)
  Crazy Yiuf (D:6)
  5 jellies
  A bombardier beetle (D:4)
  A bombardier beetle (shapeshifter) (Elf:2)
  23 orc priests
  11 hounds
  3 gnoll boudas (D:7)
  33 orc wizards
  2 iguanas (D:5)
  4 hell rats (Lair:2)
  30 gnolls
  5 adders
  A dart slug (D:1)
  A ribbon worm (D:5)
  88 orcs
  8 ball pythons
  2 bats (D:2)
  10 endoplasms
  2 giant cockroaches
  3 goblins
  3 hobgoblins
  7 jackals
  A quokka (D:2)
  A frilled lizard (D:2)
  17 kobolds
  3 rats (D:2)
  An aspiring flesh (Zot:5)
  A boulder (D:10)
  2 snaplasher vines (Swamp:4)
  A spectral weapon (Lair:5)
  10 starspawn tentacles (WizLab)
1981 creatures vanquished.

Vanquished Creatures (collateral kills)
  An orb of fire (Zot:1)
  A juggernaut (Depths:2)
  A Killer Klown (Zot:5)
  the Lernaean hydra (Swamp:4)
  Saint Roka (Vaults:5)
  A caustic shrike (Depths:2)
  A golden dragon (Vaults:5)
  2 tentacled monstrosities
  Jorgrun (Swamp:2)
  A walking frostbound tome (Depths:2)
  A sphinx (Vaults:3)
  A titan (Vaults:5)
  An Orb Guardian (Zot:5)
  2 tentacled starspawn (WizLab)
  A deep elf blademaster (Elf:2)
  5 storm dragons
  A thorn hunter (Swamp:1)
  A shadow dragon (Zot:2)
  A tengu reaver (Depths:2)
  A nagaraja (Snake:4)
  A frost giant (Vaults:5)
  A draconian knight (Zot:4)
  A deep elf sorcerer (Elf:3)
  A caustic shrike zombie (Depths:2)
  3 vault wardens
  2 iron dragons (Depths:2)
  A reaper (Depths:2)
  A cacodemon (WizLab)
  Louise (Elf:2)
  3 deep elf elementalists (Elf:3)
  2 ghouls (Swamp:4)
  8 very ugly things
  4 ironbound preservers
  A vampire knight (Depths:1)
  2 eleionomae (Swamp:4)
  5 stone giants
  2 deep elf death magi
  2 white draconians (Zot:4)
  3 dire elephants
  A deep elf annihilator (Elf:3)
  3 bunyips
  3 war gargoyles
  4 ettins
  A crystal guardian (WizLab)
  A fire dragon (Depths:3)
  A jiangshi (Vaults:3)
  A shambling mangrove (Swamp:2)
  A deep elf high priest (Elf:3)
  3 vault guards (Vaults:5)
  An ice dragon (Depths:4)
  4 hydras
  A ghost crab (Swamp:4)
  2 peacekeepers
  2 alligators
  An ironbound frostheart (Vaults:4)
  2 great orbs of eyes
  A centaur warrior (Vaults:1)
  A tengu warrior (Depths:1)
  5 dancing weapons (Elf:2)
  An orc high priest (Vaults:5)
  3 deep elf knights (Elf:2)
  2 hell knights (Depths:4)
  10 deep trolls
  2 spriggan druids
  A glowing orange brain (shapeshifter) (Depths:4)
  6 swamp dragons
  2 deep elf archers (Elf:3)
  An ironbound convoker (Vaults:1)
  A phantasmal warrior (Depths:1)
  2 lindwurms (Vaults:3)
  6 bog bodies
  4 starcursed masses (WizLab)
  A deep elf pyromancer (Elf:2)
  6 ugly things
  3 will-o-the-wisps
  A salamander (Depths:1)
  A moth of wrath (Zot:1)
  2 vault sentinels
  2 eyes of devastation (WizLab)
  A torpor snail (shapeshifter) (Vaults:1)
  A yaktaur (Vaults:3)
  A tengu conjurer (Depths:2)
  A merfolk (shapeshifter) (Vaults:5)
  5 hornets
  A tyrant leech (Swamp:2)
  A slime creature (Vaults:4)
  8 spriggans
  A water elemental (Depths:2)
  2 fire elementals (Zot:1)
  4 swamp worms
  An orc warrior (Orc:2)
  2 swamp drakes (Swamp:4)
  An ogre (Orc:2)
  A nameless horror (Depths:2)
  An aspiring flesh (Zot:1)
  51 boulders
249 creatures vanquished.

Vanquished Creatures (others)
  6 eldritch tentacles
  A deep elf sorcerer (Vaults:5)
  A purple draconian (Zot:5)
  A yellow draconian (Zot:2)
  A dancing weapon (Elf:2)
  A swamp dragon (Swamp:4)
  2 deep elf zephyrmancers (Elf:2)
  A swamp drake (Swamp:4)
  An orc wizard (Orc:2)
  An orc (D:8)
  67 boulders
  10 foxfires
  22 snaplasher vines
  5 spectral weapons
  6 starspawn tentacles (WizLab)
126 creatures vanquished.

Grand Total: 2356 creatures vanquished

Notes
Turn   | Place    | Note
-------+----------+-------------------------------------------
     0 | D:1      | Ofeo the Gnoll Warper began the quest for the Orb.
     0 | D:1      | Reached XP level 1. HP: 20/20 MP: 6/6
   122 | D:1      | Reached XP level 2. HP: 25/26 MP: 7/7
   257 | D:1      | Learned a level 2 spell: Blink
   260 | D:1      | Learned a level 2 spell: Lesser Beckoning
  1067 | D:2      | Reached skill level 5 in Spellcasting
  1067 | D:2      | Reached XP level 3. HP: 25/31 MP: 7/9
  1141 | D:2      | Identified the +8 mace "Koah" {drain, rN+}
  1550 | D:3      | Reached skill level 1 in Invocations
  1724 | D:3      | Found a basalt altar of Yredelemnul.
  1844 | D:3      | Reached skill level 1 in Short Blades
  1844 | D:3      | Reached skill level 1 in Long Blades
  1844 | D:3      | Reached skill level 1 in Axes
  1844 | D:3      | Reached skill level 1 in Maces & Flails
  1844 | D:3      | Reached skill level 1 in Staves
  1844 | D:3      | Reached skill level 1 in Ranged Weapons
  1844 | D:3      | Reached skill level 1 in Stealth
  1844 | D:3      | Reached skill level 1 in Shields
  1844 | D:3      | Reached skill level 1 in Unarmed Combat
  1844 | D:3      | Reached skill level 1 in Evocations
  1844 | D:3      | Reached skill level 1 in Shapeshifting
  1844 | D:3      | Reached XP level 4. HP: 29/38 MP: 11/11
  2235 | D:3      | Reached skill level 1 in Conjurations
  2235 | D:3      | Reached skill level 1 in Hexes
  2235 | D:3      | Reached skill level 1 in Summonings
  2235 | D:3      | Reached skill level 1 in Necromancy
  2235 | D:3      | Reached skill level 1 in Fire Magic
  2235 | D:3      | Reached skill level 1 in Ice Magic
  2235 | D:3      | Reached skill level 1 in Air Magic
  2235 | D:3      | Reached skill level 1 in Earth Magic
  2235 | D:3      | Reached skill level 1 in Alchemy
  2765 | D:4      | Reached XP level 5. HP: 42/43 MP: 12/12
  2962 | D:4      | Noticed Eustachio
  2989 | D:4      | Killed Eustachio
  2990 | D:4      | Reached skill level 5 in Fighting
  2990 | D:4      | Reached skill level 2 in Long Blades
  2990 | D:4      | Reached skill level 5 in Polearms
  2990 | D:4      | Reached skill level 5 in Dodging
  2990 | D:4      | Reached XP level 6. HP: 48/51 MP: 14/14
  3797 | D:5      | Entered Level 5 of the Dungeon
  3903 | D:5      | Reached XP level 7. HP: 52/56 MP: 15/15
  4390 | D:5      | Learned a level 4 spell: Manifold Assault
  4394 | D:5      | Learned a level 3 spell: Mephitic Cloud
  4399 | D:5      | Learned a level 4 spell: Vhi's Electric Charge
  4402 | D:5      | Learned a level 2 spell: Mercury Vapours
  4606 | D:6      | Reached skill level 3 in Long Blades
  4606 | D:6      | Reached XP level 8. HP: 59/63 MP: 16/16
  4630 | D:6      | Found a staircase to the Ecumenical Temple.
  4666 | Temple   | Entered the Ecumenical Temple
  4944 | D:6      | Found a runed translucent door.
  4945 | D:6      | Noticed Crazy Yiuf
  5511 | D:6      | Paralysed by Crazy Yiuf for 1 turns
  5512 | D:6      | Killed Crazy Yiuf
  5604 | D:7      | Found a radiant altar of Vehumet.
  5934 | D:7      | Found a stormy altar of Qazlal.
  5979 | D:7      | Reached XP level 9. HP: 58/69 MP: 18/18
  6041 | D:7      | Reached skill level 4 in Long Blades
  6126 | D:7      | Reached skill level 5 in Throwing
  6126 | D:7      | Reached skill level 5 in Armour
  6156 | D:7      | HP: 3/70 [kobold brigand/+0 whip (5)]
  6162 | D:7      | HP: 2/70 [kobold brigand/+0 whip (5)]
  6492 | D:7      | Learned a level 4 spell: Brom's Barrelling Boulder
  6526 | D:7      | Reached skill level 5 in Invocations
  6856 | D:7      | Noticed a cyclops
  6867 | D:7      | Reached skill level 5 in Short Blades
  6867 | D:7      | Reached skill level 5 in Long Blades
  6867 | D:7      | Reached skill level 5 in Axes
  6867 | D:7      | Reached skill level 5 in Maces & Flails
  6867 | D:7      | Reached skill level 5 in Staves
  6867 | D:7      | Reached skill level 5 in Ranged Weapons
  6867 | D:7      | Reached skill level 5 in Stealth
  6867 | D:7      | Reached skill level 5 in Shields
  6867 | D:7      | Reached skill level 5 in Unarmed Combat
  6867 | D:7      | Reached skill level 5 in Evocations
  6867 | D:7      | Reached XP level 10. HP: 68/77 MP: 20/20
  6976 | D:7      | Killed a cyclops
  7852 | D:8      | Found a hazy altar of Hepliaklqana.
  7942 | D:8      | Found an ornate altar of the Wu Jian Council.
  8020 | D:8      | Found a shadowy altar of Dithmenos.
  8060 | D:8      | Reached skill level 5 in Shapeshifting
  8242 | D:8      | Found Usexesh's Fire Supplies.
  8530 | D:8      | Found a glowing silver altar of Zin.
  8530 | D:8      | Found an opulent altar of Gozag.
  8550 | D:8      | Became a worshipper of Gozag Ym Sagoz the Greedy
  9019 | D:9      | Noticed Harold
  9194 | D:9      | Noticed a two-headed ogre
  9200 | D:9      | Killed a two-headed ogre
  9207 | D:9      | Reached skill level 6 in Long Blades
  9207 | D:9      | Killed Harold
  9208 | D:9      | Reached skill level 5 in Conjurations
  9208 | D:9      | Reached skill level 5 in Hexes
  9208 | D:9      | Reached skill level 5 in Summonings
  9208 | D:9      | Reached skill level 5 in Necromancy
  9208 | D:9      | Reached skill level 5 in Fire Magic
  9208 | D:9      | Reached skill level 5 in Ice Magic
  9208 | D:9      | Reached skill level 5 in Air Magic
  9208 | D:9      | Reached skill level 5 in Earth Magic
  9208 | D:9      | Reached skill level 5 in Alchemy
  9208 | D:9      | Reached XP level 11. HP: 74/85 MP: 0/23
  9460 | D:9      | Noticed Gastronok
 10148 | D:9      | Noticed Erica
 10165 | D:9      | Killed Erica
 10379 | D:9      | Noticed Joseph
 10389 | D:9      | Killed Joseph
 10487 | D:9      | Found a white marble altar of Elyvilon.
 10625 | D:9      | Noticed Psyche
 10892 | D:9      | Killed Gastronok
 11030 | D:10     | Entered Level 10 of the Dungeon
 11575 | D:10     | Noticed a sixfirhy
 11589 | D:10     | Killed a sixfirhy
 11733 | D:10     | Found Zucessygi's Antique Weapon Shop.
 11741 | D:10     | Bought a faintly glowing spear for 216 gold pieces
 11741 | D:10     | Identified the +6 spear of the Lusting Traitor {spect,
                  | rElec rN+ Will+ Str+2} (You bought it in a shop on level 10
                  | of the Dungeon)
 11744 | D:10     | Noticed a soul eater
 11991 | D:8      | Killed a soul eater
 12301 | D:10     | Found a burning altar of Makhleb.
 12707 | D:10     | Found a staircase to the Orcish Mines.
 12713 | D:10     | Noticed a two-headed ogre
 12742 | D:10     | Killed a two-headed ogre
 12743 | D:10     | Reached skill level 7 in Long Blades
 13116 | D:11     | Reached XP level 12. HP: 91/94 MP: 19/24
 13163 | D:11     | Found Ratablor's Changing Room.
 13208 | D:11     | Killed Psyche
 13350 | D:11     | Noticed a boulder beetle
 13913 | D:10     | Killed a boulder beetle
 15233 | D:11     | Found a staircase to the Lair.
 15352 | Lair:1   | Entered Level 1 of the Lair of Beasts
 15593 | Lair:1   | Learned a level 5 spell: Freezing Cloud
 15901 | Lair:1   | You fall into a shaft and drop 1 floor!
 15940 | Lair:2   | Reached skill level 8 in Long Blades
 16243 | Lair:2   | Reached XP level 13. HP: 101/101 MP: 22/26
 17058 | Lair:2   | Found a staircase to the Snake Pit.
 17185 | Lair:2   | Found a staircase to the Swamp.
 17185 | Lair:2   | Noticed an eleionoma
 17190 | Lair:2   | Killed an eleionoma
 17770 | Lair:3   | Reached skill level 10 in Spellcasting
 19097 | Lair:4   | Reached skill level 10 in Fighting
 19097 | Lair:4   | Reached skill level 10 in Polearms
 19097 | Lair:4   | Reached skill level 10 in Dodging
 19930 | Lair:4   | Reached skill level 9 in Long Blades
 20680 | Lair:4   | Noticed Urug
 20697 | Lair:4   | Killed Urug
 21015 | Lair:5   | Entered Level 5 of the Lair of Beasts
 21076 | Lair:5   | Found a staircase to the Slime Pits.
 21076 | Lair:5   | Found a viscous altar of Jiyva.
 21415 | Lair:5   | Reached skill level 10 in Invocations
 21415 | Lair:5   | Reached XP level 14. HP: 97/110 MP: 26/28
 22750 | Lair:5   | Found a bloodstained altar of Trog.
 23097 | Lair:5   | Reached skill level 10 in Throwing
 23097 | Lair:5   | Reached skill level 10 in Armour
 23379 | Lair:5   | Bought a fine trident for 204 gold pieces
 23379 | Lair:5   | Identified the +6 trident "Meidd" {drain, rElec rPois MP+9
                  | Dex-4} (You bought it in a shop on level 5 of the Lair of
                  | Beasts)
 23616 | D:8      | Bought +0 fire dragon scales for 960 gold pieces
 24045 | D:12     | Found Goboalag's Jewellery Boutique.
 24127 | D:12     | Bought the amulet of Niewulif {RegenMP rPois Int+6 Stlth-}
                  | for 838 gold pieces
 24940 | D:12     | Found a transporter.
 24941 | D:12     | Noticed Yklotitu's ghost (journeyman CeHu)
 24942 | D:12     | Identified the +0 dire flail "Hycevuf" {pain, rC- rN+ Will+
                  | SInv}
 24946 | D:12     | Found a transporter.
 25418 | D:13     | Reached skill level 10 in Translocations
 26293 | D:13     | Reached skill level 10 in Short Blades
 26293 | D:13     | Reached skill level 10 in Long Blades
 26293 | D:13     | Reached skill level 10 in Axes
 26293 | D:13     | Reached skill level 10 in Maces & Flails
 26293 | D:13     | Reached skill level 10 in Staves
 26293 | D:13     | Reached skill level 10 in Ranged Weapons
 26293 | D:13     | Reached skill level 10 in Stealth
 26293 | D:13     | Reached skill level 10 in Shields
 26293 | D:13     | Reached skill level 10 in Unarmed Combat
 26293 | D:13     | Reached skill level 10 in Evocations
 26506 | D:13     | Noticed Snorg
 26515 | D:13     | Killed Snorg
 26672 | D:13     | Reached XP level 15. HP: 118/118 MP: 15/30
 26985 | D:13     | Found a gate to the Vaults.
 27331 | D:12     | Bought a +4 ring of slaying for 1248 gold pieces
 27406 | Orc:1    | Entered Level 1 of the Orcish Mines
 27411 | Orc:1    | Noticed an orc warlord
 27442 | Orc:1    | Killed an orc warlord
 27656 | Orc:1    | Found Isuol's Jewellery Shoppe.
 27812 | Orc:1    | Found Hiusih's Weapon Emporium.
 27860 | Orc:2    | Entered Level 2 of the Orcish Mines
 28316 | Orc:2    | Found a staircase to the Elven Halls.
 28972 | Orc:2    | Found Mesisop's Distillery.
 28972 | Orc:2    | Found Opik's Jewellery Emporium.
 29053 | Orc:2    | Learned a level 5 spell: Summon Mana Viper
 29059 | Orc:2    | Learned a level 5 spell: Summon Forest
 29118 | Orc:2    | Found Itwankep's Distillery.
 29120 | Orc:2    | Found Efyrenli's Antique Weapon Boutique.
 29132 | Orc:2    | Bought the +8 autumn katana {manifold assault} for 1060
                  | gold pieces
 29132 | Orc:2    | Found the +8 autumn katana {manifold assault}
 29216 | Orc:2    | Noticed an orc warlord
 29308 | Orc:2    | Noticed an orc warlord
 29618 | Orc:2    | Killed an orc warlord
 30032 | Orc:2    | Killed an orc warlord
 30893 | Orc:2    | Identified the amulet "Dusetu" {Acrobat rF- rC++ Slay+4
                  | Stlth+}
 31000 | Orc:1    | Found Cessymp's Assorted Antiques.
 31014 | Orc:1    | Bought a scroll of fear for 72 gold pieces
 31014 | Orc:1    | Bought a scroll of fog for 72 gold pieces
 31123 | Orc:1    | Found Muwogeef's Distillery.
 31131 | Orc:1    | Bought a potion of might for 52 gold pieces
 31131 | Orc:1    | Bought a potion of heal wounds for 65 gold pieces
 33021 | D:15     | Entered Level 15 of the Dungeon
 33464 | D:15     | Found a staircase to the Depths.
 34573 | D:15     | Reached skill level 10 in Shapeshifting
 35175 | Snake:1  | Entered Level 1 of the Snake Pit
 35673 | Snake:1  | Reached XP level 16. HP: 115/127 MP: 22/32
 35853 | Snake:1  | Reached skill level 11 in Long Blades
 36992 | Snake:1  | Found Jeucvuog's Jewellery Shoppe.
 36992 | Snake:1  | Found Wipador's Armour Emporium.
 36996 | Snake:1  | Found Hazink's Assorted Antiques.
 37008 | Snake:1  | Identified the +5 ring mail of Beogh's Generosity {rF+}
 38079 | Snake:2  | Found Duqaneo's Self-Improvement Boutique.
 38091 | Snake:2  | Bought a manual of Long Blades for 1360 gold pieces
 38091 | Snake:2  | Bought a manual of Translocations for 1360 gold pieces
 39039 | Snake:2  | Noticed a nagaraja
 39059 | Snake:2  | Killed a nagaraja
 41033 | Snake:3  | Noticed Roxanne
 41404 | Snake:3  | Reached skill level 12 in Long Blades
 42544 | Snake:4  | Entered Level 4 of the Snake Pit
 42728 | Snake:4  | Reached XP level 17. HP: 110/135 MP: 20/33
 43129 | Snake:4  | Found a transporter.
 43177 | Snake:4  | Found a transporter.
 43178 | Snake:4  | Found a transporter.
 43181 | Snake:4  | Reached skill level 10 in Conjurations
 43181 | Snake:4  | Reached skill level 10 in Hexes
 43181 | Snake:4  | Reached skill level 10 in Summonings
 43181 | Snake:4  | Reached skill level 10 in Necromancy
 43181 | Snake:4  | Reached skill level 10 in Fire Magic
 43181 | Snake:4  | Reached skill level 10 in Ice Magic
 43181 | Snake:4  | Reached skill level 10 in Air Magic
 43181 | Snake:4  | Reached skill level 10 in Earth Magic
 43181 | Snake:4  | Reached skill level 10 in Alchemy
 43190 | Snake:4  | Found a transporter.
 43190 | Snake:4  | Found a transporter.
 43249 | Snake:4  | Found a transporter.
 45683 | Snake:4  | Reached skill level 13 in Long Blades
 46212 | Swamp:1  | Entered Level 1 of the Swamp
 47569 | Swamp:2  | Found a bloodstained altar of Trog.
 47614 | Swamp:2  | Noticed Jorgrun
 47623 | Swamp:2  | Killed Jorgrun
 47953 | Swamp:2  | Noticed Nikola
 47965 | Swamp:2  | Killed Nikola
 48150 | Swamp:2  | Reached XP level 18. HP: 143/143 MP: 30/35
 49666 | Swamp:4  | Entered Level 4 of the Swamp
 49785 | Swamp:4  | Reached skill level 14 in Long Blades
 50564 | Swamp:4  | Noticed the 27-headed Lernaean hydra
 51068 | Swamp:4  | Killed the 27-headed Lernaean hydra
 51087 | Swamp:4  | Got a decaying rune of Zot
 52771 | Snake:4  | Got a serpentine rune of Zot
 53186 | Vaults:1 | Entered Level 1 of the Vaults
 53307 | Vaults:1 | Found Deerisko's Weapon Shop.
 53615 | Vaults:1 | Reached XP level 19. HP: 151/151 MP: 27/37
 53821 | Vaults:1 | Reached skill level 15 in Long Blades
 55036 | Vaults:1 | Found Acerreu's Book Shoppe.
 55038 | Vaults:1 | Noticed a walking crystal tome
 55336 | Vaults:1 | Learned a level 6 spell: Summon Cactus Giant
 55343 | Vaults:1 | Learned a level 5 spell: Borgnjor's Vile Clutch
 56904 | Vaults:2 | Found Tukhlumokh's Distillery.
 56912 | Vaults:2 | Bought a potion of resistance for 110 gold pieces
 57305 | Vaults:2 | You fall into a shaft and drop 2 floors!
 57322 | Vaults:4 | Reached skill level 15 in Invocations
 57585 | Vaults:3 | Reached skill level 16 in Long Blades
 57952 | Vaults:3 | Identified the +6 long sword of Unweosi {flame, rC++ Will+}
 58390 | Vaults:3 | Reached XP level 20. HP: 138/160 MP: 38/38
 59987 | Vaults:3 | Found a staircase to the Crypt.
 60922 | Vaults:4 | Reached skill level 15 in Translocations
 61167 | Vaults:4 | Reached skill level 15 in Spellcasting
 61697 | Vaults:4 | Reached skill level 15 in Fighting
 61697 | Vaults:4 | Reached skill level 15 in Polearms
 61697 | Vaults:4 | Reached skill level 15 in Dodging
 61918 | Vaults:4 | HP: 6/162 [war gargoyle/+3 dire flail of protection[a
                  | peacekeeper] (59)]
 62817 | Vaults:4 | Bought a runed buckler for 315 gold pieces
 63060 | Depths:1 | Entered Level 1 of the Depths
 63060 | Depths:1 | Noticed Boris
 63072 | Depths:1 | Killed Boris
 63432 | Depths:1 | Reached skill level 17 in Long Blades
 64079 | Depths:1 | Found a gateway to Hell.
 64395 | Depths:1 | Found a one-way gate to the infinite horrors of the Abyss.
 64695 | Depths:2 | Reached XP level 21. HP: 89/168 MP: 20/40
 65021 | Depths:2 | Noticed Boris
 65733 | Depths:2 | Found Qaroampe's Distillery.
 65736 | Depths:2 | Bought a potion of heal wounds for 110 gold pieces
 65736 | Depths:2 | Bought a potion of haste for 220 gold pieces
 65736 | Depths:2 | Bought a potion of brilliance for 88 gold pieces
 65736 | Depths:2 | Bought a potion of magic for 176 gold pieces
 66089 | Depths:2 | Found a one-way gate leading to the halls of Pandemonium.
 66368 | Depths:2 | Reached skill level 15 in Throwing
 66368 | Depths:2 | Reached skill level 15 in Armour
 67537 | Depths:2 | Noticed a juggernaut
 67690 | Depths:2 | Killed a juggernaut
 67961 | Depths:2 | Noticed a caustic shrike
 68285 | Depths:2 | Killed Boris
 68472 | Depths:2 | Killed a caustic shrike
 68473 | Depths:2 | Reached skill level 15 in Short Blades
 68473 | Depths:2 | Reached skill level 15 in Axes
 68473 | Depths:2 | Reached skill level 15 in Maces & Flails
 68473 | Depths:2 | Reached skill level 15 in Staves
 68473 | Depths:2 | Reached skill level 15 in Ranged Weapons
 68473 | Depths:2 | Reached skill level 15 in Stealth
 68473 | Depths:2 | Reached skill level 15 in Shields
 68473 | Depths:2 | Reached skill level 15 in Unarmed Combat
 68473 | Depths:2 | Reached skill level 15 in Evocations
 69641 | Depths:3 | Reached skill level 18 in Long Blades
 69642 | Depths:3 | Noticed Mennas
 69748 | Depths:3 | Found a magical portal.
 69769 | WizLab   | Entered Lehudib's Moon Base
 71477 | WizLab   | Identified the amulet "Domauh" {Faith ^Fragile Fly Int+8
                  | Stlth-}
 71624 | WizLab   | Found a transporter.
 71629 | WizLab   | Reached XP level 22. HP: 167/177 MP: 24/42
 71976 | WizLab   | Found a transporter.
 72472 | WizLab   | Gained mutation: You are weak. (Str -2) [a cacodemon]
 72514 | WizLab   | Got Lehudib's Secrets of Vitriolic Oromancy
 72802 | Depths:2 | Bought a scroll of fog for 64 gold pieces
 72802 | Depths:2 | Bought a scroll of fog for 64 gold pieces
 72802 | Depths:2 | Bought a scroll of blinking for 120 gold pieces
 72802 | Depths:2 | Bought a scroll of fog for 64 gold pieces
 72804 | Depths:2 | Bought the +3 pair of seven-league boots {Rampage+∞} for
                  | 1520 gold pieces
 72804 | Depths:2 | Found the +3 pair of seven-league boots {Rampage+∞}
 72804 | Depths:2 | Bought a glowing cloak for 285 gold pieces
 73285 | Depths:3 | Killed Mennas
 75070 | Depths:3 | Learned a level 6 spell: Death Channel
 75074 | Depths:3 | Learned a level 1 spell: Apportation
 75078 | Depths:3 | Learned a level 3 spell: Ozocubu's Armour
 75088 | Depths:4 | Entered Level 4 of the Depths
 75160 | Depths:4 | Reached skill level 19 in Long Blades
 76144 | Depths:4 | Found a one-way gateway to a ziggurat.
 76250 | Depths:4 | Found a gate to the Realm of Zot.
 77177 | Depths:4 | Found a portal to a secret trove of treasure.
 77582 | Elf:1    | Entered Level 1 of the Elven Halls
 77584 | Elf:1    | Reached XP level 23. HP: 185/185 MP: 43/43
 77928 | Elf:1    | Found a runed translucent door.
 78927 | Elf:1    | Noticed Eskosele's ghost (adept TeRe)
 79198 | Elf:2    | Found a flickering gateway to a bazaar.
 79215 | Bazaar   | Entered a bazaar
 79215 | Bazaar   | Found Fismilod's Antique Armour Emporium.
 79215 | Bazaar   | Found Seysot's Distillery.
 79215 | Bazaar   | Found Rohadgh's Antique Weapon Emporium.
 79283 | Bazaar   | Found Touduc's Magic Scroll Shoppe.
 79291 | Bazaar   | Bought a scroll of enchant weapon for 105 gold pieces
 79291 | Bazaar   | Bought a scroll of amnesia for 56 gold pieces
 79295 | Bazaar   | Bought a potion of heal wounds for 55 gold pieces
 79295 | Bazaar   | Bought a potion of curing for 33 gold pieces
 79295 | Bazaar   | Bought a potion of might for 44 gold pieces
 79295 | Bazaar   | Bought a potion of enlightenment for 55 gold pieces
 79295 | Bazaar   | Bought a potion of heal wounds for 55 gold pieces
 79295 | Bazaar   | Bought a potion of might for 44 gold pieces
 79307 | Bazaar   | Bought a glowing hand cannon for 143 gold pieces
 79400 | Elf:2    | Reached skill level 15 in Shapeshifting
 79597 | Elf:2    | Found a runed translucent gate.
 79597 | Elf:2    | Found a runed translucent gate.
 79608 | Elf:2    | Found a runed translucent gate.
 79937 | Elf:2    | Noticed Louise
 79946 | Elf:2    | Killed Louise
 79981 | Elf:2    | Reached skill level 20 in Long Blades
 80472 | Elf:3    | Entered Level 3 of the Elven Halls
 81409 | Elf:3    | Identified the ring of Zinkirph {rN+ Slay+3 SInv}
 81504 | Elf:3    | Reached XP level 24. HP: 195/195 MP: 26/44
 81552 | Elf:3    | Identified the +4 long sword "Niulojur" {speed, rC+ Dex+3}
 81565 | Elf:3    | Identified the orb "Udwaqeu" {*channel, *Slow Str+6 Dex+4
                  | Stlth-}
 81772 | Elf:3    | Got Wehiticw's Discourse on Left-Handed Magicks
 81839 | Elf:3    | Identified the +6 arbalest of the Assorted Stars {freeze,
                  | rPois rN+ Str+4 Int-4}
 81840 | Elf:3    | Identified the +4 quarterstaff of Welfare {speed, rElec}
 81908 | Elf:3    | Identified the +0 plate armour "Ybeofoa" {-Cast rN+ Str+2
                  | Dex+6}
 81953 | Elf:3    | Got Ischyol's Parchment of the Solid Iceberg
 81964 | Elf:3    | Identified the amulet of Oprel {Spirit Harm Str-2 Int+3}
 82897 | Slime:1  | Entered Level 1 of the Pits of Slime
 83580 | Slime:5  | Entered Level 5 of the Pits of Slime
 83912 | Slime:5  | Gained mutation: You have a pair of small horns on your
                  | head. [a shining eye]
 84368 | Slime:5  | Identified a scroll of acquirement
 84379 | Slime:5  | Gained mutation: You do not regenerate when monsters are
                  | visible. [a shining eye]
 84383 | Slime:5  | Gained mutation: Armour fits poorly on your strangely
                  | shaped body. [a shining eye]
 84385 | Slime:5  | Lost mutation: You do not regenerate when monsters are
                  | visible. [potion of mutation]
 84385 | Slime:5  | Lost mutation: Armour fits poorly on your strangely shaped
                  | body. [potion of mutation]
 84385 | Slime:5  | Lost mutation: You are weak. (Str -2) [potion of mutation]
 84385 | Slime:5  | Gained mutation: Your spells are a little harder to cast,
                  | but a little more powerful. [potion of mutation]
 84385 | Slime:5  | Gained mutation: Armour fits poorly on your strangely
                  | shaped body. [potion of mutation]
 84385 | Slime:5  | Gained mutation: You have supernaturally acute eyesight.
                  | (SInv) [potion of mutation]
 84399 | Slime:5  | Found a viscous altar of Jiyva.
 84743 | Slime:5  | Paralysed by a formless jellyfish for 1 turns
 84750 | Slime:5  | Paralysed by a formless jellyfish for 1 turns
 84937 | Slime:5  | Noticed the Royal Jelly
 84938 | Slime:5  | Paralysed by a formless jellyfish for 1 turns
 84959 | Slime:5  | Killed the Royal Jelly
 85029 | Slime:5  | Acquired the ring of Day {*Corrode rPois rC+ Dex+7}
 85038 | Slime:5  | Identified the ring of the Mantidfly {^Drain rC+ rCorr MP+9
                  | Int+2}
 85041 | Slime:5  | Got a slimy rune of Zot
 85043 | Slime:5  | Identified the ring of Foolhardiness {rCorr Int+2 Dex+3}
 85075 | Slime:5  | Identified the +7 flail of Deformation {protect, rC++}
 85085 | Slime:5  | Identified the +3 leather armour "Onamomuss" {Will+}
 85087 | Slime:5  | Identified the +0 ring mail of the Guardian {Dex+4}
 85168 | Slime:5  | Identified the +6 morningstar "Gnoll's Curse" {venom,
                  | Will+}
 85550 | Vaults:5 | Entered Level 5 of the Vaults
 85574 | Vaults:5 | Reached skill level 21 in Long Blades
 85705 | Vaults:5 | Identified the +7 triple crossbow "Ojakag" {drain, rElec
                  | rF- rN+ rCorr}
 85746 | Vaults:5 | Noticed Saint Roka
 85755 | Vaults:5 | Killed Saint Roka
 85764 | Vaults:5 | Reached XP level 25. HP: 158/203 MP: 19/44
 86039 | Vaults:5 | Learned a level 7 spell: Malign Gateway
 86290 | Vaults:5 | Identified the ring of Oqithru {^Contam rC++ Will++ AC+4}
 86368 | Vaults:5 | Identified the ring "Pas Ynel" {rElec rF+ rCorr}
 86603 | Vaults:5 | Noticed an ancient lich
 86610 | Vaults:5 | Killed an ancient lich
 86698 | Vaults:5 | Got a silver rune of Zot
 86984 | Vaults:5 | Found Banow's Book Shoppe.
 87689 | Vaults:5 | Bought a scarf of resistance for 608 gold pieces
 88011 | Zot:1    | Entered Level 1 of the Realm of Zot
 88022 | Zot:1    | Reached skill level 15 in Conjurations
 88022 | Zot:1    | Reached skill level 15 in Hexes
 88022 | Zot:1    | Reached skill level 15 in Summonings
 88022 | Zot:1    | Reached skill level 15 in Necromancy
 88022 | Zot:1    | Reached skill level 15 in Fire Magic
 88022 | Zot:1    | Reached skill level 15 in Ice Magic
 88022 | Zot:1    | Reached skill level 15 in Air Magic
 88022 | Zot:1    | Reached skill level 15 in Earth Magic
 88022 | Zot:1    | Reached skill level 15 in Alchemy
 88723 | Zot:1    | Reached skill level 22 in Long Blades
 89042 | Zot:1    | Noticed an orb of fire
 89051 | Zot:1    | Gained mutation: Your body sometimes deteriorates upon
                  | taking damage. [an orb of fire]
 89059 | Zot:1    | Killed an orb of fire
 89317 | Zot:1    | Noticed an orb of fire
 89331 | Zot:1    | Gained mutation: You are clumsy. (Dex -2) [an orb of fire]
 89337 | Zot:1    | Killed an orb of fire
 91000 | Zot:2    | Noticed a Killer Klown
 91031 | Zot:2    | Killed a Killer Klown
 91037 | Zot:2    | Reached XP level 26. HP: 106/211 MP: 34/45
 91276 | Zot:2    | Bought a scroll of teleportation for 33 gold pieces
 91276 | Zot:2    | Bought a scroll of blinking for 82 gold pieces
 93212 | Zot:2    | Found a runed translucent door.
 93479 | Zot:2    | Noticed Rais Zisar's ghost (master VSBe)
 96183 | Zot:4    | Identified the +5 war axe "Tirph" {heavy, rN++ Str+2}
 97320 | Zot:5    | Entered Level 5 of the Realm of Zot
 97657 | Zot:5    | Reached skill level 23 in Long Blades
 98681 | Zot:5    | Noticed an ancient lich
 98700 | Zot:5    | Killed an ancient lich
 98717 | Zot:5    | Noticed an orb of fire
 98717 | Zot:5    | Noticed an orb of fire
 98720 | Zot:5    | Noticed an orb of fire
 98721 | Zot:5    | Noticed a Killer Klown
 98722 | Zot:5    | Noticed an orb of fire
 98724 | Zot:5    | Noticed a Killer Klown
 98727 | Zot:5    | Noticed a Killer Klown
 98730 | Zot:5    | Killed a Killer Klown
 98732 | Zot:5    | Killed a Killer Klown
 98733 | Zot:5    | Killed an orb of fire
 98733 | Zot:5    | Killed an orb of fire
 98734 | Zot:5    | Reached XP level 27. HP: 180/221 MP: 7/46
 98737 | Zot:5    | Noticed an ancient lich
 98740 | Zot:5    | Killed an orb of fire
 98741 | Zot:5    | Killed an orb of fire
 98747 | Zot:5    | Killed an ancient lich
 98753 | Zot:5    | Noticed a dread lich
 98760 | Zot:5    | Killed a dread lich
 99898 | Zot:5    | Got the Orb of Zot
100021 | Zot:2    | Noticed Buel the pandemonium lord
100471 | D:$      | Escaped with the Orb!

Illustrated notes

Levels and vault maps discovered:
D:1:      tarquinn_simple_flora_water_b, layout_basic
D:2:      layout_basic
D:3:      layout_loops_cross, mainiacjoe_overflow_alcove_1,
          minmay_misc_feat_tiny
D:4:      layout_basic, minmay_misc_feat_pillars, grunt_decor_clamped,
          dk_vineyard_3, eino_tiny_chamber, uniq_eustachio
D:5:      layout_rooms
D:6:      layout_rooms, minmay_temple_entry_tees, serial_aquarium,
          aquarium_bridge_island_small [aquarium_subvault_small_water,
          aquarium_subvault_wall, aquarium_subvault_window,
          aquarium_subvault_wall, aquarium_subvault_bridge],
          aquarium_bridge_straight [aquarium_subvault_bridge,
          aquarium_subvault_wall, aquarium_subvault_bridge,
          aquarium_subvault_window], aquarium_window_corridor_2,
          aquarium_window_fake, aquarium_window_fake, aquarium_view_2a,
          aquarium_pool_side, uniq_crazy_yiuf_cottage
D:7:      lemuel_castle_with_subvaults [lemuel_castle_interior_carwin_1],
          layout_basic, mainiacjoe_overflow_small_starburst, lemuel_tele_altar
D:8:      layout_basic, nicolae_wu_jian_wuxing_cycle,
          grunt_temple_overflow_gold_and_silver, nicolae_overflow_hidden_temple,
          mainiacjoe_overflow_tiny_flanked, nicolae_shop_fire_sale
          [nicolae_sub_dead_trees], fountainhead
D:9:      layout_irregular_city, mainiacjoe_overflow_alcove_4,
          nicolae_elevator_lobby_plus, uniq_erica, uniq_gastronok, uniq_joseph,
          uniq_psyche, uniq_harold
D:10:     layout_irregular_city, demons_altar, orc_0_dummy, serial_shops, shop,
          serial_demonic, serial_demonic_a, serial_demonic_e, serial_demonic_f,
          serial_demonic_d
D:11:     layout_cave_pools, david_lair_shrubbed, nicolae_transmutations_shop
D:12:     layout_loops_ring, gammafunk_ghost_smash, serial_shops,
          nicolae_shop_trees, kennysheep_generic_room_12
D:13:     layout_basic, hellmonk_vaults_attempted_burglary, serial_aquarium,
          aquarium_bridge_long_joined [aquarium_subvault_wall,
          aquarium_subvault_bridge, aquarium_subvault_wall,
          aquarium_subvault_wall, aquarium_subvault_wall,
          aquarium_subvault_wall], aquarium_window_fake, aquarium_window_corner,
          aquarium_view_2f, aquarium_balcony_double_4, aquarium_pool_2,
          uniq_snorg
D:14:     layout_gridville, kennysheep_another_room, chequers_mini_garden
D:15:     hangedman_depths_entry_try_elsewhere_first, layout_irregular_city
Temple:   nicolae_temple_no_exploring_needed
Lair:1:   layout_roguey, serial_forest, infiniplex_forest_clump_long,
          infiniplex_forest_clump_long, infiniplex_forest_end_3,
          infiniplex_forest_straight_2, infiniplex_forest_clump_small,
          infiniplex_forest_straight_2, infiniplex_forest_clump_long,
          infiniplex_forest_end_1, infiniplex_forest_clump_medium,
          infiniplex_forest_lined_2, chequers_serial_rivers_micro_e,
          beast_lair_carwin_5
Lair:2:   layout_hall_layers, alex1729_swamp_entry_worm_eleionoma,
          alex1729_snake_entry_snake, hangedman_lair_unloving_vines
Lair:3:   layout_regular_city, nicolae_lair_lindhole, lemuel_fruit_fields
Lair:4:   layout_layer_cave, grunt_megastairs_3, uniq_urug
Lair:5:   minmay_lair_end_enchanted_forest, layout_loops_ring,
          nicolae_slime_entry_slimehenge, chequers_serial_rivers_micro_a,
          minivault_19, lemuel_centaur_altar, infiniplex_staircase_pool
Swamp:1:  layout_basic_swamp, hangedman_swamp_ruin_wall
Swamp:2:  layout_falls_marsh, lemuel_altar_in_water, uniq_nikola, uniq_jorgrun
Swamp:3:  layout_basic_swamp, evilmike_swamp_ruin_wall
Swamp:4:  grunt_swamp_rune_castle, layout_basic_swamp
Snake:1:  layout_grid_shapes, serial_bayou_shore_a, lemuel_fruit_tree,
          minmay_shop_star
Snake:2:  layout_chambers, nicolae_shop_self_help, nicolae_integral_box
Snake:3:  layout_onion, uniq_roxanne
Snake:4:  johnstein_snake_rune_scales, layout_basic, serial_nicolae_subway,
          nicolae_sub_station_metal, nicolae_sub_station_stone,
          nicolae_sub_station_crystal
Slime:1:  layout_caves, cheibrodos_slime_lost_civilization_4
Slime:2:  layout_caves
Slime:3:  layout_caves, uniq_dissolution
Slime:4:  layout_caves
Slime:5:  slime_pit_nicolae_jellycorners
Orc:1:    minmay_goldmine, layout_diamond_mine, basic_altar, serial_shops,
          nicolae_shop_hallway_plus, nicolae_shop_stone, nicolae_square_shop,
          nicolae_shop_pleasant_corner_grove
Orc:2:    st_orc_rangers, layout_caves, minmay_orc_treasury
Elf:1:    elf_arrival_002, layout_gridlike, ebering_ghost_inner_flame,
          nicolae_elf_blasts_and_bolts, palyth_stone_intersect
Elf:2:    elven_hall_of_blades_hangedman_original [mumra_blade_entry_bloodbath],
          layout_gridlike, serial_shops, bzr_firewalk, billiards_dpeg,
          uniq_louise
Elf:3:    grunt_elf_hall_branching, layout_geoelf_castle
Vaults:1: nicolae_vaults_trapezoid_layered, nicolae_vaults_security_offices_5,
          v_misc_23, v_pattern_4, nicolae_vaults_steering_wheel, v_misc_9,
          nicolae_vaults_little_ls, ontoclasm_vaults_eye,
          dpeg_vaults_monster_box, nicolae_vaults_diamond_1,
          layout_vaults_omnicross, serial_shops, nicolae_shop_mannequins
Vaults:2: nicolae_vaults_trapezoid_lopsided_2, nicolae_vaults_apartment_2,
          vaults_standard_mumra_lines, v_pattern_1, v_misc_18,
          nicolae_vaults_tangram_1, v_misc_5, ontoclasm_vaults_decontamination,
          nicolae_vaults_trapezoid_1, nicolae_vaults_specimen_jars,
          nicolae_vaults_security_offices_2, layout_vaults_maze_bifur,
          serial_shops, nicolae_shop_gibbet_a_chance
Vaults:3: v_rooms_2, minmay_crypt_entry_simple_corners, vaults_mumra_hex,
          vaults_room_grid, hangedman_vaults_snaps, nicolae_vaults_trapezoid_2,
          nicolae_vaults_surprise_closet_hard, layout_vaults_quadrants
Vaults:4: vaults_dpeg_hooks, hangedman_vaults_slither,
          nicolae_vaults_trapezoid_2, v_misc_3, ontoclasm_vaults_chip,
          vaults_dpeg_ring, vaults_room_door_hall, ontoclasm_vaults_chip,
          nicolae_vaults_little_squares_1, layout_vaults_big_room
Vaults:5: uniq_saint_roka
Depths:1: layout_cave_pools, hangedman_abyss_entry_splay, nrook_campfire,
          hell_entry, nicolae_wwwww, grunt_ministairs_3,
          hangedman_decor_growths, feat_on_display, uniq_boris
Depths:2: minmay_triangles_in_corner, layout_cave_pools, grunt_pan_entry_zigzag,
          infiniplex_staircase_split_hallway, pf_dread_powers_of_hell,
          roderic_serpentine_path, nicolae_stop_n_shop_2
Depths:3: kennysheep_bubbly, layout_small_grid, abyss_entry,
          grunt_mini_vestibule, rand_demon_pan_entry_9, mu_enter_wizlab_2,
          uniq_mennas
Depths:4: grunt_zot_entry_funnels, layout_cave_pools, enter_ziggurat_c,
          hell_entry, pan_entry, enter_trove_1
Zot:1:    lemuel_firehouse, layout_onion_interference,
          regret_index_zotdec_dark_gr
Zot:2:    layout_gridville, ebering_ghost_reflecting_pool,
          nicolae_zig_zag_zippers, grunt_megastairs_2
Zot:3:    layout_gridlike
Zot:4:    layout_twisted_circle
Zot:5:    layout_basic

Skill      XL: |  1  2  3  4  5  6  7  8  9 10 11 12 13 14 15 16 17 18 19 20 21 22 23 24 25 26 27 |
---------------+----------------------------------------------------------------------------------+-----
Spellcasting   | 5 6 7 8 9 10 11 12 13 14 15 16 17 18 19 | 19.5
Invocations    | 1 2 3 4 5 6 7 8 10 11 12 13 14 15 16 17 18 19 20 | 20.5
Short Blades   | 1 2 3 5 6 7 8 9 10 11 12 13 14 15 16 17 18 19 | 19.0
Long Blades    | 1 2 3 5 6 7 8 9 10 12 13 14 16 17 18 19 20 21 22 23 | 23.8
Axes           | 1 2 3 5 6 7 8 9 10 11 12 13 14 15 16 17 18 19 | 19.0
Maces & Flails | 1 2 3 5 6 7 8 9 10 11 12 13 14 15 16 17 18 19 | 19.0
Staves         | 1 2 3 5 6 7 8 9 10 11 12 13 14 15 16 17 18 19 | 19.0
Ranged Weapons | 1 2 3 5 6 7 8 9 10 11 12 13 14 15 16 17 18 19 | 19.0
Stealth        | 1 2 3 5 6 7 8 9 10 11 12 13 14 15 16 17 18 19 | 19.0
Shields        | 1 2 3 5 6 7 8 9 10 11 12 13 14 15 16 17 18 19 | 19.0
Unarmed Combat | 1 2 3 5 6 7 8 9 10 11 12 13 14 15 16 17 18 19 | 19.0
Evocations     | 1 2 3 5 6 7 8 9 10 11 12 13 14 15 16 17 18 19 | 19.0
Shapeshifting  | 1 2 3 4 5 6 7 8 9 10 11 12 13 14 15 16 17 | 17.5
Conjurations   | 1 2 3 4 5 6 7 8 9 10 11 12 13 14 15 16 | 16.2
Hexes          | 1 2 3 4 5 6 7 8 9 10 11 12 13 14 15 16 | 16.2
Summonings     | 1 2 3 4 5 6 7 8 9 10 11 12 13 14 15 16 | 16.2
Necromancy     | 1 2 3 4 5 6 7 8 9 10 11 12 13 14 15 16 | 16.2
Fire Magic     | 1 2 3 4 5 6 7 8 9 10 11 12 13 14 15 16 | 16.2
Ice Magic      | 1 2 3 4 5 6 7 8 9 10 11 12 13 14 15 16 | 16.2
Air Magic      | 1 2 3 4 5 6 7 8 9 10 11 12 13 14 15 16 | 16.2
Earth Magic    | 1 2 3 4 5 6 7 8 9 10 11 12 13 14 15 16 | 16.2
Alchemy        | 1 2 3 4 5 6 7 8 9 10 11 12 13 14 15 16 | 16.2
Throwing       | 3 4 5 6 7 8 9 10 11 12 13 14 15 16 17 18 19 | 19.1
Armour         | 3 4 5 6 7 8 9 10 11 12 13 14 15 16 17 18 19 | 19.1
Fighting       | 5 6 7 8 9 10 11 12 13 14 15 16 17 18 19 | 19.4
Polearms       | 5 6 7 8 9 10 11 12 13 14 15 16 17 18 19 | 19.4
Dodging        | 5 6 7 8 9 10 11 12 13 14 15 16 17 18 19 | 19.4
Translocations | 6 7 8 9 10 11 12 13 14 15 16 17 18 19 20 21 | 21.1

Action                     |  1- 3 |  4- 6 |  7- 9 | 10-12 | 13-15 | 16-18 | 19-21 | 22-24 | 25-27 || total
---------------------------+-------+-------+-------+-------+-------+-------+-------+-------+-------++-------
  Melee: Spear             |   100 |       |       |   339 |   643 |       |       |       |       ||  1082
         Bite              |     9 |     1 |    30 |    89 |   116 |    96 |   140 |   148 |   214 ||   843
         Mace              |    12 |    49 |   256 |   292 |       |       |       |       |       ||   609
         Katana            |       |       |       |       |   283 |   731 |  1503 |  2047 |  2122 ||  6686
         Trident           |       |       |       |       |       |   235 |    19 |    13 |       ||   267
         Trishula          |       |       |       |       |       |       |       |    20 |       ||    20
         Headbutt          |       |       |       |       |       |       |       |    49 |   332 ||   381
  Throw: Dart              |       |     3 |       |       |       |       |       |       |     1 ||     4
         Javelin           |       |       |       |       |       |       |       |     2 |    35 ||    37
   Cast: Mephitic Cloud    |       |       |     5 |    16 |       |       |       |       |       ||    21
         Manifold Assault  |       |       |     4 |    36 |    40 |   152 |   206 |   304 |   341 ||  1083
         Brom's Barrelling |       |       |     1 |    50 |    84 |    28 |     2 |       |       ||   165
         Blink             |       |       |       |    15 |     8 |     4 |     6 |     1 |     8 ||    42
         Vhi's Electric Ch |       |       |       |     5 |       |       |    25 |     5 |       ||    35
         Freezing Cloud    |       |       |       |     4 |   126 |    47 |     6 |     3 |     9 ||   195
         Mercury Vapours   |       |       |       |     1 |     7 |     2 |     1 |       |       ||    11
         Summon Mana Viper |       |       |       |       |     2 |    51 |    52 |    12 |    11 ||   128
         Summon Forest     |       |       |       |       |     2 |    37 |    41 |     6 |     6 ||    92
         Summon Cactus Gia |       |       |       |       |       |       |    50 |    16 |    10 ||    76
         Death Channel     |       |       |       |       |       |       |       |     3 |       ||     3
         Malign Gateway    |       |       |       |       |       |       |       |       |     6 ||     6
         Ozocubu's Armour  |       |       |       |       |       |       |       |       |     1 ||     1
         Borgnjor's Vile C |       |       |       |       |       |       |       |       |     2 ||     2
 Invoke: Call Merchant     |       |       |       |       |     1 |       |     2 |     2 |     2 ||     7
         Potion Petition   |       |       |       |       |       |     2 |     4 |     3 |     7 ||    16
  Evoke: Wand              |       |       |     2 |     5 |     4 |     6 |    10 |     3 |     5 ||    35
         Phial of floods   |       |       |       |       |       |     2 |     1 |     1 |       ||     4
         Box of beasts     |       |       |       |       |       |     1 |     1 |     2 |       ||     4
    Use: Scroll            |       |    10 |     3 |     4 |    11 |     6 |     8 |    13 |     5 ||    60
         Potion            |       |       |     3 |     1 |     1 |     9 |     6 |    10 |    16 ||    46
   Stab: Sleeping          |     1 |       |       |       |     8 |     4 |     5 |     4 |     2 ||    24
         Confused          |       |       |     4 |    13 |       |       |       |       |       ||    17
         Paralysed         |       |       |     1 |    35 |       |       |       |       |       ||    36
         Distracted        |       |       |       |     9 |    21 |    12 |    17 |    17 |    10 ||    86
         Invisible         |       |       |       |       |       |       |       |       |     1 ||     1
 Armour: Leather armour    |    42 |    30 |   178 |   291 |   289 |       |       |       |       ||   830
         Skin              |       |       |       |     1 |       |       |       |       |       ||     1
         Fire dragon scale |       |       |       |       |    67 |   473 |   524 |    28 |   552 ||  1644
         Troll leather arm |       |       |       |       |       |       |       |   305 |    67 ||   372
  Dodge: Dodged            |    43 |    27 |   219 |   260 |   378 |   282 |   319 |   349 |   677 ||  2554
  Block: Buckler           |       |       |       |       |       |       |    66 |   135 |       ||   201
